 Dungeon Crawl Stone Soup version 0.31.0-11-ge490571c62 (webtiles) character file.

Game seed: 6201741911944013022

1 SmokeWeed the Sneak (level 1, -1/20 HPs)
             Began as a Hill Orc Delver on Feb 4, 2024.
             Slain by an orc
             ... wielding a +0 hand axe
              (4 damage)
             ... on level 3 of the Dungeon.
             The game lasted 00:00:33 (88 turns).

SmokeWeed the Sneak (Hill Orc Delver)                 Turns: 88, Time: 00:00:34

Health: -1/20      AC:  3    Str: 14    XL:     1   Next: 20%
Magic:  1/1        EV: 11    Int: 10    God:
Gold:   12         SH:  0    Dex: 12    Spells: 0/0 levels left

rFire   + . .        h - staff of fire
rCold   . . .        (no shield)
rNeg    . . .        b - +0 leather armour
rPois   .            (no helmet)
rElec   .            (no cloak)
rCorr   .            (no gloves)
SInv    .            (no boots)
Will    .....        (no amulet)
Stlth   ++           (no ring)
HPRegen 0.23/turn    (no ring)
MPRegen 0.07/turn

%: no passive effects
@: no status effects
A: no striking features
a: no special abilities


You were on level 3 of the Dungeon.
You visited 1 branch of the dungeon, and saw 3 of its levels.

You collected 12 gold pieces.

Inventory:

Hand Weapons
 a - a +0 spear
Missiles
 i - 5 darts of dispersal (quivered)
Armour
 b - a +0 leather armour (worn)
Magical Staves
 h - a staff of fire (weapon)
Wands
 g - a wand of digging (3)
Scrolls
 c - a scroll of fog
 d - a scroll of revelation
 e - a scroll of fear
Potions
 f - a potion of haste


   Skills:
 + Level 3.7 Fighting
 + Level 2.1 Polearms
 + Level 1.5 Dodging
 + Level 4.1 Stealth


You couldn't memorise any spells.
You didn't know any spells.
Your spell library was empty.

Dungeon Overview and Level Annotations

Branches:
Dungeon (5/15)
 Temple: D:4-7

Altars:


Message History

You hit the rat but do no damage. The rat bites you.
You closely miss the rat. The rat closely misses you.
You hit the rat.
You kill the rat!
You see here a rat corpse.
You see here a rat corpse. 2 orcs come into view.
The orc shouts!
You hear a shout!
You see here a rat corpse.
The orc hits you with a +0 hand axe.
You hit the orc.
The orc is lightly wounded.
The orc barely misses you.
You hit the orc but do no damage.
The orc is lightly wounded.
The orc barely misses you. The orc hits you with a +0 club.
You barely miss the orc.
The orc is lightly wounded.
The orc hits you but does no damage. The orc hits you with a +0 club.
The orc hits you with a +0 hand axe.
You barely miss the orc.
The orc is lightly wounded.
The orc hits you but does no damage. The orc hits you with a +0 hand axe.
An orc comes into view. It is wielding a +0 club.
You are too injured to fight recklessly!
You are too injured to fight recklessly!
You are too injured to fight recklessly!
You barely miss the orc.
The orc is lightly wounded.
The orc shouts!
The orc closely misses you. x2
You barely miss the orc. The orc hits you with a +0 hand axe.
* * * LOW HITPOINT WARNING * * *
The orc hits you with a +0 club.
* * * LOW HITPOINT WARNING * * *
The orc misses you.
You barely miss the orc. The orc completely misses you.
The orc barely misses you. The orc hits you but does no damage.
You hit the orc but do no damage. The orc hits you with a +0 hand axe.
You die...

........#.#.....
........#.#.... .
..>........#.##..
#...............
#........#.#....
#...............
#...oo.....#....
#...@o..>.......
######..##....#.
#.......###
#......###
#..o...#
.....o.##
.$......#
..........#
...........


You could see 3 orcs.

Vanquished Creatures
  A ball python (D:4)
  A rat (D:3)
2 creatures vanquished.

Notes
Turn   | Place    | Note
-------+----------+-------------------------------------------
     0 | D:5      | SmokeWeed the Hill Orc Delver began the quest for the Orb.
     0 | D:5      | Reached XP level 1. HP: 19/19 MP: 1/1
    88 | D:3      | Slain by an orc

Illustrated notes

Levels and vault maps discovered:
D:3:      layout_rooms, ebering_ecumenical_altar_box, serial_shops,
          nicolae_shop_hallway_stairs, uniq_grinder, uniq_terence,
          uniq_crazy_yiuf_cottage
D:4:      layout_loops_ring, kennysheep_another_room, uniq_robin
D:5:      layout_loops_corners, minmay_temple_entry_sparse_star,
          nicolae_alphabet_shops, minmay_shop_enchanted_jewellery, uniq_pikel,
          uniq_sigmund

Action                     || total
---------------------------++-------
  Melee: Staff             ||    11
         Spear             ||     1
   Stab: Sleeping          ||     2
 Armour: Leather armour    ||    12
  Dodge: Dodged            ||     8
